 Dungeon Crawl Stone Soup version 0.30-a0-1103-g25895a7845 (webtiles) character file.

Game seed: 6006682434685090317

4373 juan097 the Cleaver (level 10, -4/79 HPs)
             Began as a Hill Orc Berserker on Apr 18, 2023.
             Was an Elder of Trog.
             Succumbed to a water moccasin's poison
             ... on level 9 of the Dungeon.
             The game lasted 00:36:59 (9006 turns).

juan097 the Cleaver (Hill Orc Berserker)            Turns: 9006, Time: 00:36:59

Health: -4/79      AC: 13    Str: 25    XL:     10   Next: 34%
Magic:  10/10      EV: 12    Int:  7    God:    Trog [****..]
Gold:   412        SH:  0    Dex: 15    Spells: 9/9 levels left

rFire   + + .      SeeInvis .    a - +4 hand axe
rCold   . . .      Faith    .    (no shield)
rNeg    . . .      Spirit   .    f - +2 scale mail {rC+}
rPois   .          Reflect  .    (no helmet)
rElec   .          Rampage  .    s - +2 cloak
rCorr   .                        (no gloves)
Will    +....                    (no boots)
Stlth   +                        u - amulet of regeneration
HPRegen 1.13/turn                c - ring "Daotro" {Fire Dex+5}
MPRegen 0.12/turn                n - ring of willpower

@: lethally poisoned (-4 -> -18), slowed, very slow
A: fire resistance 1, frail 1
a: Renounce Religion, Berserk, Trog's Hand, Brothers in Arms


You were on level 9 of the Dungeon.
You worshipped Trog.
Trog was greatly pleased with you.
You visited 1 branch of the dungeon, and saw 9 of its levels.
You also visited: Sewer.

You collected 412 gold pieces.

Inventory:

Hand Weapons
 a - a +4 hand axe (weapon)
 b - a +0 sling
 F - a +0 hand axe of flaming
 G - a +1 battleaxe
Missiles
 w - 3 silver javelins
 C - 10 boomerangs (quivered)
Armour
 f - a +2 scale mail of cold resistance (worn)
 s - a +2 cloak (worn)
 E - the +2 leather armour of a treasure trove {SInv}
   (You found it on level 6 of the Dungeon)

   SInv:      It lets you see invisible.
Jewellery
 c - the ring "Daotro" (left hand) {Fire Dex+5}
   (You took it off Eustachio on level 6 of the Dungeon)

   [ring of fire]

   It enhances your fire magic.
   Dex:       It affects your dexterity (+5).
   rF:        It protects you from fire.
   rC:        It makes you vulnerable to cold.
 n - a ring of willpower (right hand)
 u - an amulet of regeneration (around neck)
Wands
 I - a wand of light (6)
Scrolls
 d - 2 scrolls of immolation
 g - 4 scrolls of silence
 h - 5 scrolls of fear
 j - 2 scrolls of enchant weapon {unknown}
 k - a scroll of enchant armour
 l - 4 scrolls of teleportation {unknown}
 r - 4 scrolls of poison
 v - a scroll of fog
 y - a scroll of identify
 z - 2 scrolls of blinking
 A - 2 scrolls of magic mapping {unknown}
 B - 4 scrolls of amnesia {unknown}
Potions
 e - 4 potions of mutation
 i - 4 potions of lignification
 m - a potion of attraction {unknown}
 o - a potion of berserk rage {unknown}
 p - 3 potions of cancellation {unknown}
 q - a potion of brilliance {unknown}
 t - 4 potions of curing {unknown}
 x - 2 potions of haste {unknown}
 H - a potion of heal wounds {unknown}


   Skills:
 - Level 8.0 Fighting
 - Level 12.0 Axes
 - Level 4.0 Throwing
 + Level 7.7 Armour
 - Level 4.0 Dodging
 - Level 4.0 Stealth


You had 9 spell levels left.
You didn't know any spells.
Your spell library was empty.

Dungeon Overview and Level Annotations

Branches:
Dungeon (8/15)             Temple (0/1) D:7           Sewer (visited)
   Lair: D:8-11

Altars:
Ashenzari
Gozag
Kikubaaqudgha
Sif Muna
Wu Jian
The Shining One

Annotations:
D:3 1 runed translucent door, nalyd1's ghost, weakling KoDe
D:6 Sigmund


Innate Abilities, Weirdness & Mutations

Your flesh is heat resistant. (rF+)
You are frail. (-10% HP)


Message History

You are more poisoned.
You feel as though you will be slow longer.
The water moccasin bites you but does no damage.
Your two-headed ogre closely misses the hornet.
Your two-headed ogre hits the hornet but does no damage.
You catch the helpless hornet completely off-guard!
You hit the hornet.
The hornet is severely wounded.
You closely miss the water moccasin.
You feel very sick. The hornet stings you!
You suddenly lose the ability to move!
The water moccasin bites you.
You are more poisoned.
The water moccasin poisons you!
Your two-headed ogre closely misses the hornet.
Your two-headed ogre completely misses the hornet.
The hornet stings you.
You feel as though you will be slow longer.
The water moccasin bites you.
You are more poisoned.
The water moccasin poisons you! The water moccasin bites you.
* * * LOW HITPOINT WARNING * * *
You feel extremely sick. The hornet stings you!
* * * LOW HITPOINT WARNING * * *
You feel as though you will be slow longer.
The water moccasin bites you but does no damage.
Your two-headed ogre hits the hornet with a +0 giant spiked club!!
The hornet dies!
Trog accepts your kill.
The water moccasin bites you but does no damage.
* * * LOW HITPOINT WARNING * * *
You feel extremely sick.
The water moccasin bites you but does no damage. x3
You hear a bellow!
You hear an angry hiss. x2
You can move again.
It was a potion of mutation.
You feel extremely strange.
You feel resistant to heat.
You no longer feel heat resistant.
You feel frail.
You feel resistant to heat.
You die...

#.......+#≈≈≈≈≈≈#
#.......##≈##.#≈#
#########......))'.)#.#.'
...........†.†##)'.#.#..'
..............#..#≈#.##≈#
..............#..#≈≈≈≈≈≈#
..............#..########
..............###.#### #
####....@.##....#.##.#
.......OSS.P....#....#
..........P.....#....#
.......PP..P....#....#
#...(....P......######
..........P......
..(.....P.......
.P.......P......
...............


You could see 2 water moccasins and a friendly two-headed ogre (summoned,
berserk).

Vanquished Creatures
  A deep elf pyromancer (D:9)
  An unseen horror (D:7)
  Prince Ribbit (D:7)
  Eustachio (D:6)
  Menkaure (D:6)
  4 water moccasins
  A sky beast (D:6)
  An ice beast (D:5)
  A black bear (D:5)
  3 ogres
  A centaur (D:7)
  2 phantoms (D:4)
  3 bullfrogs
  2 scorpions
  6 wights
  A killer bee (D:4)
  2 howler monkeys
  A jelly (D:7)
  Crazy Yiuf (D:3)
  2 orc priests (D:4)
  A gnoll bouda (D:3)
  2 hounds
  A sleepcap (D:4)
  8 iguanas
  Ijyb (D:3)
  7 orc wizards
  10 adders
  9 gnolls
  A river rat (Sewer)
  2 shadow imps (D:6)
  3 white imps
  3 ufetubi (D:4)
  7 worms
  4 dart slugs
  27 orcs
  7 bats
  15 endoplasms
  8 giant cockroaches
  7 goblins
  7 hobgoblins
  5 jackals
  3 quokkas
  4 ball pythons
  A frilled lizard (D:1)
  19 kobolds
  12 rats
210 creatures vanquished.

Vanquished Creatures (collateral kills)
  A hornet (D:9)
1 creature vanquished.

Vanquished Creatures (others)
  46 fungi (D:9)
  39 plants
85 creatures vanquished.

Grand Total: 296 creatures vanquished

Notes
Turn   | Place    | Note
-------+----------+-------------------------------------------
     0 | D:1      | juan097 the Hill Orc Berserker began the quest for the Orb.
     0 | D:1      | Reached XP level 1. HP: 19/19 MP: 1/1
    51 | D:1      | Reached XP level 2. HP: 9/26 MP: 2/2
   158 | D:1      | Reached skill level 5 in Axes
   258 | D:1      | Reached XP level 3. HP: 31/31 MP: 3/3
   671 | D:1      | Reached ** piety under Trog
   980 | D:1      | Reached skill level 1 in Stealth
  1322 | D:2      | Reached skill level 6 in Axes
  1322 | D:2      | Reached XP level 4. HP: 39/39 MP: 4/4
  2593 | D:3      | Found a runed translucent door.
  2608 | D:3      | Noticed nalyd1's ghost (weakling KoDe)
  2782 | D:3      | Noticed Ijyb
  2835 | D:3      | Reached XP level 5. HP: 45/45 MP: 5/5
  2952 | D:3      | Found a runed translucent door.
  2953 | D:3      | Noticed Crazy Yiuf
  3321 | D:4      | Reached skill level 7 in Axes
  3328 | D:4      | Reached XP level 6. HP: 50/51 MP: 6/6
  3361 | D:4      | Found an ornate altar of the Wu Jian Council.
  3653 | D:4      | Found a glowing drain.
  3686 | Sewer    | Entered a sewer
  3824 | Sewer    | Reached *** piety under Trog
  4332 | D:4      | Found an opulent altar of Gozag.
  4809 | D:3      | Reached skill level 8 in Axes
  5185 | D:5      | Entered Level 5 of the Dungeon
  5205 | D:4      | Reached XP level 7. HP: 37/55 MP: 7/7
  5496 | D:5      | Reached skill level 1 in Throwing
  5897 | D:4      | Reached XP level 8. HP: 29/67 MP: 8/8
  6152 | D:5      | Reached skill level 5 in Fighting
  6154 | D:5      | Noticed a yak
  6209 | D:5      | Noticed a troll
  6232 | D:4      | Reached skill level 9 in Axes
  6494 | D:3      | Killed Crazy Yiuf
  6611 | D:3      | Killed Ijyb
  6688 | D:3      | Found a shimmering blue altar of Sif Muna.
  6891 | D:6      | Identified the +2 leather armour of a treasure trove {SInv}
  6940 | D:6      | Reached skill level 10 in Axes
  7183 | D:6      | Reached **** piety under Trog
  7184 | D:6      | Reached XP level 9. HP: 60/74 MP: 9/9
  7305 | D:6      | Noticed Sigmund
  7412 | D:6      | Identified the ring "Daotro" {Fire Dex+5}
  7412 | D:6      | Noticed Eustachio
  7428 | D:6      | Killed Eustachio
  7505 | D:6      | Noticed Menkaure
  7514 | D:6      | Killed Menkaure
  7515 | D:6      | Reached skill level 5 in Armour
  7655 | D:6      | Found an ancient bone altar of Kikubaaqudgha.
  7780 | D:7      | Noticed Prince Ribbit
  8030 | D:7      | Noticed an unseen horror
  8085 | D:7      | Killed an unseen horror
  8086 | D:7      | Reached skill level 11 in Axes
  8128 | D:7      | Found a staircase to the Ecumenical Temple.
  8195 | D:7      | Killed Prince Ribbit
  8311 | D:7      | Found a broken altar of Ashenzari.
  8544 | D:7      | Found a glowing golden altar of the Shining One.
  8765 | D:8      | Reached XP level 10. HP: 82/86 MP: 10/10
  8781 | D:8      | You fall into a shaft and drop 1 floor!
  8923 | D:9      | Noticed a deep elf pyromancer
  8946 | D:9      | Killed a deep elf pyromancer
  8947 | D:9      | Reached skill level 12 in Axes
  8996 | D:9      | Paralysed by a hornet for 2 turns
  9003 | D:9      | Paralysed by a hornet for 3 turns
  9005 | D:9      | HP: 3/88 [poisoned by a water moccasin]
  9006 | D:9      | Gained mutation: Your flesh is heat resistant. (rF+)
                  | [potion of mutation]
  9006 | D:9      | Lost mutation: Your flesh is heat resistant. (rF+) [potion
                  | of mutation]
  9006 | D:9      | Gained mutation: You are frail. (-10% HP) [potion of
                  | mutation]
  9006 | D:9      | Gained mutation: Your flesh is heat resistant. (rF+)
                  | [potion of mutation]
  9006 | D:9      | Succumbed to a water moccasin's poison

Illustrated notes

Levels and vault maps discovered:
D:1:      ncdulo_lavacross, layout_basic, serial_corexii_hall,
          chequers_hall_statues_y, corexii_hall_statues_i, st_stairs_12,
          hangedman_abyss_or_decor_lesser_grid, corner_web_ring,
          minmay_hexomino_f4
D:2:      layout_basic
D:3:      layout_loops_cross, nicolae_sif_muna_little_library, serial_glass,
          glass_columns_a, glass_columns_a, ebering_ghost_sewer_d, uniq_ijyb,
          uniq_crazy_yiuf_cottage
D:4:      layout_basic, mainiacjoe_overflow_large_starburst,
          gup_sewer_entry_pipe
D:5:      cheibrodos_fzero, layout_cave_pools, mainiacjoe_overflow_cross_hatched
D:6:      layout_cave_pods, mainiacjoe_overflow_small_starburst, uniq_sigmund,
          uniq_eustachio, uniq_menkaure
D:7:      layout_cave_pools, ashenzari_conservatory_becter,
          nicolae_tso_carved_into_rock, minmay_temple_entry_gardened_gates,
          serial_column_ruins, column_ruins_circle_small,
          column_ruins_circle_medium, column_ruins_columns_straight,
          column_ruins_grid_1, column_ruins_open_tiny,
          column_ruins_columns_straight, column_ruins_corridor_dead_end,
          minmay_misc_feat_nine_boxes, uniq_prince_ribbit1
D:8:      layout_basic, nemelex_spade_bored_becter, kennysheep_generic_room_6,
          uniq_amaemon
D:9:      layout_gridville, mainiacjoe_overflow_concentric_impassable,
          due_lair_maze_entry_diamond, serial_shops, shop,
          kennysheep_generic_room_12

Skill      XL: |  1  2  3  4  5  6  7  8  9 10 |
---------------+-------------------------------+-----
Axes           | 5 6 7 8 10 11 12 | 12.0
Stealth        | 1 2 3 4 |  4.0
Fighting       | 4 5 7 8 |  8.0
Dodging        | 2 3 4 |  4.0
Throwing       | 1 2 4 |  4.0
Armour         | 3 4 6 7 |  7.7

Action                     |  1- 3 |  4- 6 |  7- 9 | 10-12 || total
---------------------------+-------+-------+-------+-------++-------
  Melee: Hand axe          |   104 |   350 |   397 |    63 ||   914
         Punch             |     1 |     3 |     4 |     1 ||     9
   Fire: Sling             |       |       |    16 |       ||    16
  Throw: Dart              |       |    11 |     7 |     4 ||    22
         Boomerang         |       |     2 |    20 |     8 ||    30
 Invoke: Berserk           |     1 |     3 |     4 |       ||     8
         Trog's Hand       |       |     1 |       |       ||     1
         Brothers in Arms  |       |       |       |     1 ||     1
    Use: Scroll            |       |     1 |    10 |       ||    11
         Potion            |       |       |       |     1 ||     1
   Stab: Sleeping          |     2 |     6 |       |       ||     8
         Distracted        |       |       |       |     1 ||     1
 Armour: Animal skin       |    24 |     5 |       |       ||    29
         Leather armour    |       |    44 |     5 |       ||    49
         Ring mail         |       |     2 |    58 |       ||    60
         Scale mail        |       |       |    80 |    27 ||   107
  Dodge: Dodged            |    55 |   128 |   186 |    20 ||   389

Table legend: (Time is in decaauts)
 A = Elapsed time spent in this place.
 B = Non-inter-level travel time spent in this place.
 C = Inter-level travel time spent in this place.
 D = Time resting spent in this place.
 E = Time spent auto-exploring this place.
 F = Levels seen in this place.
 G = Mean time per level.
                   A        B        C        D        E       F      G
               +--------+--------+--------+--------+--------+-----+--------+
         Total |   9122 |   8233 |    889 |    275 |   5044 |  10 |  912.2 |
       Dungeon |   8490 |   7601 |    889 |    272 |   4775 |   9 |  943.3 |
         Sewer |    631 |    631 |      0 |      3 |    269 |   1 |  631.0 |
               +--------+--------+--------+--------+--------+-----+--------+

Top non-repeatable levels by time:
     D:4: 1758 daAuts
     D:3: 1645 daAuts
     D:1: 1381 daAuts
     D:2: 1030 daAuts
     D:6: 1003 daAuts
     D:7: 757 daAuts
   Sewer: 631 daAuts
     D:5: 612 daAuts
     D:9: 212 daAuts
     D:8: 87 daAuts
